 Dungeon Crawl Stone Soup version 0.29.1-2-gbd0b4ee654 (webtiles) character file.

Game seed: 16154630175884968010

11 jamesblauser the Chopper (level 2, 0/27 HPs)
             Began as a Hill Orc Monk on Nov 6, 2022.
             Slain by a gnoll
             ... wielding a +0 spear
              (1 damage)
             ... on level 1 of the Dungeon.
             The game lasted 00:01:27 (240 turns).

jamesblauser the Chopper (Hill Orc Monk)             Turns: 240, Time: 00:01:27

Health: 0/27       AC: 10    Str: 13    XL:     2   Next: 25%
Magic:  2/2        EV:  3    Int: 10    God:
Gold:   0          SH:  0    Dex: 13    Spells: 1/1 levels left

rFire   . . .      SeeInvis .   a - +0 hand axe
rCold   . . .      Faith    .   (no shield)
rNeg    . . .      Spirit   .   e - +0 plate armour
rPois   .          Reflect  .   (no helmet)
rElec   .          Harm     .   (no cloak)
rCorr   .          Rampage  .   (no gloves)
Will    .....                   (no boots)
Stlth   ..........              (no amulet)
HPRegen 0.09/turn               (no ring)
MPRegen 0.08/turn               (no ring)

@: no status effects
A: no striking features
a: no special abilities


You were on level 1 of the Dungeon.
You visited 1 branch of the dungeon, and saw 1 of its levels.

Inventory:

Hand Weapons
 a - a +0 hand axe (weapon)
Armour
 b - a +0 robe
 e - a +0 plate armour (worn)
Potions
 c - a potion of ambrosia


   Skills:
 + Level 3.6 Fighting
 + Level 4.5 Axes
 + Level 2.5 Dodging
 + Level 1.6 Stealth


You had one spell level left.
You didn't know any spells.
Your spell library contained the following spells:

 Spells                   Type           Power      Damage    Failure   Level
 Confusing Touch          Hex            0%         N/A       100%        3
 Yara's Violent Unravell  Hex/Tmut       0%         3d3       100%        5
 Enfeeble                 Hex            0%         N/A       100%        7


Dungeon Overview and Level Annotations

Branches:
Dungeon (1/15)

Altars:


Message History

The gnoll is heavily wounded.
You closely miss the ball python.
The ball python bites you but does no damage.
The ball python constricts you. The gnoll hits you but does no damage.
You completely miss the gnoll.
The gnoll is heavily wounded.
You hit the ball python but do no damage.
The ball python completely misses you. The ball python constricts you.
The gnoll hits you but does no damage. The ball python bites you.
The ball python constricts you.
You hit the gnoll. Your punch misses the gnoll.
The gnoll is almost dead.
You barely miss the ball python. The gnoll hits you with a +0 spear.
The ball python bites you but does no damage.
The ball python constricts you.
You hit the gnoll but do no damage.
The gnoll is almost dead.
You completely miss the ball python. The gnoll hits you but does no damage.
The ball python bites you but does no damage.
The ball python constricts you.
You barely miss the gnoll.
The gnoll is almost dead.
You barely miss the ball python.
The ball python bites you but does no damage.
The ball python constricts you. The gnoll hits you with a +0 spear.
* * * LOW HITPOINT WARNING * * *
The ball python bites you but does no damage.
The ball python constricts you. The gnoll hits you with a +0 spear.
* * * LOW HITPOINT WARNING * * *
You closely miss the gnoll.
The gnoll is almost dead.
You hit the ball python.
You kill the ball python!
The gnoll hits you with a +0 spear.
* * * LOW HITPOINT WARNING * * *
The gnoll attacks as you move away! The gnoll hits you but does no damage.
The gnoll hits you from afar with a +0 spear.
* * * LOW HITPOINT WARNING * * *
The gnoll hits you from afar with a +0 spear.
You die...

#..............##
######..........#.##.#
####....#..#########.###.
..........# #.# #.
####........#########.#
#. ...................#.#
#. #[..........#####.#.#
#. #.........#.##......#
#. ##..†..@.##.##.##.###
#. ####..g..###.##.##.#
#. #.......## #.##.##)#
#. #.##.##.# #.##.##.# #.
# #. #†# #.##.##.# ## #
#......##.##.# #
#..######.##.# # #...
........######
#..................


You could see a gnoll.

Vanquished Creatures
  A bat (D:1)
  An endoplasm (D:1)
  A giant cockroach (D:1)
  A hobgoblin (D:1)
  2 quokkas (D:1)
  A ball python (D:1)
  A goblin (D:1)
  2 rats (D:1)
10 creatures vanquished.

Notes
Turn   | Place    | Note
-------+----------+-------------------------------------------
     0 | D:1      | jamesblauser the Hill Orc Monk began the quest for the Orb.
     0 | D:1      | Reached XP level 1. HP: 19/19 MP: 1/1
   115 | D:1      | Reached XP level 2. HP: 26/26 MP: 2/2
   237 | D:1      | HP: 1/27 [gnoll/+0 spear (4)]
   240 | D:1      | Slain by a gnoll

Illustrated notes

Levels and vault maps discovered:
D:1:      dpeg_arrival_court, layout_loops_ring,
          shapermc_ecumenical_altar_notcrosses, minmay_stone_trees_small,
          minmay_bisected

Action                   || total
-------------------------++-------
Melee: Hand axe          ||    26
  Use: Scroll            ||     1
 Stab: Sleeping          ||     2
Armor: Robe              ||     1
       Plate armour      ||    17
Dodge: Dodged            ||     7
